 Dungeon Crawl Stone Soup version 0.32-a0-42-ga30500b4d3 (webtiles) character file.

Game seed: 637022371246371126

51 cforsyth the Magician (level 4, -1/49 (52) HPs)
             Began as a Djinni Reaver on Jan 28, 2024.
             Slain by Grinder (7 damage)
             ... on level 3 of the Dungeon.
             The game lasted 00:02:03 (1617 turns).

cforsyth the Magician (Djinni Reaver)               Turns: 1617, Time: 00:02:04

HP:   -1/49 (52)    AC: 22    Str:  9    XL:     4   Next: 7%
Gold: 80            EV:  2    Int: 25    God:
                    SH:  0    Dex:  9

rFire   . . .        a - +0 short sword
rCold   . . .        (no shield)
rNeg    . . .        b - melded +0 leather armour
rPois   ∞            (helmet currently unavailable)
rElec   .            (cloak currently unavailable)
rCorr   .            (gloves currently unavailable)
SInv    .            (boots unavailable)
Will    +....        (no amulet)
Stlth   +            (no ring)
HPRegen 0.28/turn    (no ring)
MPRegen 0.00/turn

%: infuse magic (-2 HP)
@: tree-form, hasted, drained, very quick
A: stationary, stasis, torment immunity, boosted hp, sickness immunity, (fire
resistance 2), (cold vulnerability 1), float, innate caster, HP casting, extra
vitality 1, clever 2, strong-willed 1
a: no special abilities


You were on level 3 of the Dungeon.
You were a tree.
You visited 1 branch of the dungeon, and saw 3 of its levels.

You collected 80 gold pieces.

Inventory:

Hand Weapons
 a - a +0 short sword (weapon)
Armour
 b - a +0 leather armour (melded)
Wands
 h - a wand of quicksilver (10)
Scrolls
 c - a scroll of teleportation {unknown}
 d - 2 scrolls of identify {unknown}
 e - a scroll of vulnerability {unknown}
 j - a scroll of blinking {unknown}
 k - a scroll of poison {unknown}


   Skills:
 + Level 3.2 Fighting
 - Level 2.6 Short Blades
 - Level 2.1 Dodging
 + Level 3.5 Spellcasting
 + Level 3.5 Conjurations
 + Level 3.5 Hexes
 + Level 3.5 Summonings
 + Level 3.5 Necromancy
 + Level 3.5 Translocations
 + Level 3.5 Fire Magic
 + Level 3.5 Ice Magic
 + Level 3.5 Air Magic
 + Level 3.5 Earth Magic
 + Level 3.5 Alchemy


You knew the following spells:

 Your Spells              Type           Power      Damage    Failure   Level
a - Kiss of Death         Conj/Necr      84%        2d11      2%          1
b - Momentum Strike       Conj/Tloc      42%        3d9       3%          2
c - Hailstorm             Conj/Ice       21%        3d7       7%          3
d - Sandblast             Erth           42%        2d11      2%          1
Your spell library was empty.

Dungeon Overview and Level Annotations

Branches:
Dungeon (3/15)

Altars:

Shops:
D:2 (

Annotations:
D:3 Grinder


Innate Abilities, Weirdness & Mutations

You are a tree.
Your roots penetrate the ground, keeping you stationary.
You cannot be teleported.
You are immune to unholy pain and torment.
Your maximum health is greatly increased.
Your equipment is partially melded.
You are immune to sickness and miasma.
You are immune to poison.
((Your flesh is very heat resistant. (rF++)))
((You are vulnerable to cold. (rC-)))
You float through the air rather than walking.
You learn spells naturally, not from books.
Your magical power is your life essence.
You have superior vitality. (+4 MHP)
Your mind is very acute. (Int +8, Str/Dex -2)
You are strong-willed. (Will+)


Message History

You can't see any susceptible monsters within range! (Use Z to cast anyway.)
Casting: Momentum Strike (safe; 8% risk of failure)
Confirm with . or Enter, or press ? or * to list all spells.
You can't see any susceptible monsters within range! (Use Z to cast anyway.)
You barely miss Grinder.
Grinder is heavily wounded.
Grinder hits you.
You hit Grinder but do no damage.
Grinder is heavily wounded.
You hit Grinder.
Grinder is heavily wounded.
Grinder misses you.
It was a potion of lignification.
You turn into a tree.
Your +0 leather armour melds into your body.
Your roots penetrate the ground.
You are no longer robbed of momentum.
Grinder hits you.
You writhe in agony.
* * * LOW HITPOINT WARNING * * *
It was a potion of mutation.
You feel extremely strange.
You feel clever. x2; You feel strong-willed.
Grinder hits you.
* * * LOW HITPOINT WARNING * * *
You writhe in agony.
* * * LOW HITPOINT WARNING * * *
It was a potion of haste.
You feel yourself speed up. Grinder hits you but does no damage.
You closely miss Grinder.
Grinder is heavily wounded.
Grinder hits you but does no damage.
You closely miss Grinder.
Grinder is heavily wounded.
Grinder hits you but does no damage.
You hit Grinder but do no damage.
Grinder is heavily wounded.
You barely miss Grinder.
Grinder is heavily wounded.
Grinder says, "Make like a tree!"
Grinder hits you!
You die...
Grinder says, "Now the real fun starts!"

...#. ... ...
... #.# #.#
#.#
#♣###########
#5..(.......#
#.#########.#
#.#
######.####.#
..#
#...........#
####
#.####.######
#.# #.# #.#


You could see Grinder.

Vanquished Creatures
  3 adders
  2 ball pythons (D:2)
  2 endoplasms
  5 goblins
  2 hobgoblins (D:2)
  A kobold (D:1)
  A bat (D:2)
  6 frilled lizards
  5 rats
27 creatures vanquished.

Notes
Turn   | Place    | Note
-------+----------+-------------------------------------------
     0 | D:1      | cforsyth the Djinni Reaver began the quest for the Orb.
     0 | D:1      | cforsyth set off with the following spells memorised: Kiss
                  | of Death, Momentum Strike, Hailstorm.
     0 | D:1      | Reached XP level 1. HP: 18/18 MP: 0/0
   237 | D:1      | Reached XP level 2. HP: 23/23 MP: 0/0
   922 | D:2      | Found Josocos's Weapon Shop.
  1110 | D:2      | Reached XP level 3. HP: 26/29 MP: 0/0
  1110 | D:2      | Learned a level 1 spell: Sandblast
  1549 | D:3      | Reached XP level 4. HP: 26/33 MP: 0/0
  1600 | D:3      | Noticed Grinder
  1612 | D:3      | Gained mutation: Your mind is acute. (Int +4, Str/Dex -1)
                  | [potion of mutation]
  1612 | D:3      | Gained mutation: Your mind is very acute. (Int +8, Str/Dex
                  | -2) [potion of mutation]
  1612 | D:3      | Gained mutation: You are strong-willed. (Will+) [potion of
                  | mutation]
  1617 | D:3      | Slain by Grinder

Illustrated notes

Levels and vault maps discovered:
D:1:      saegor_arrival_simple_e, layout_basic
D:2:      layout_basic, basic_altar, serial_shops, shop, minmay_tetromino_i2
D:3:      layout_loops_ring, nicolae_yredelemnul_ghost_church,
          minmay_box_of_dots, uniq_grinder

Skill      XL: |  1  2  3 |
---------------+----------+-----
Spellcasting   | 3 |  3.5
Conjurations   | 3 |  3.5
Hexes          | 3 |  3.5
Summonings     | 3 |  3.5
Necromancy     | 3 |  3.5
Translocations | 3 |  3.5
Fire Magic     | 3 |  3.5
Ice Magic      | 3 |  3.5
Air Magic      | 3 |  3.5
Earth Magic    | 3 |  3.5
Alchemy        | 3 |  3.5
Fighting       | 3 |  3.2
Short Blades   | |  2.6
Dodging        | |  2.1

Action                     |  1- 3 |  4- 6 || total
---------------------------+-------+-------++-------
  Melee: Short sword       |   134 |     9 ||   143
   Cast: Kiss of Death     |     1 |       ||     1
         Hailstorm         |       |     2 ||     2
         Momentum Strike   |       |     1 ||     1
    Use: Potion            |       |     3 ||     3
 Armour: Leather armour    |    69 |     2 ||    71
         Skin              |       |     6 ||     6
  Dodge: Dodged            |    72 |     1 ||    73

Table legend: (Time is in decaauts)
 A = Elapsed time spent in this place.
 B = Non-inter-level travel time spent in this place.
 C = Inter-level travel time spent in this place.
 D = Time resting spent in this place.
 E = Time spent auto-exploring this place.
 F = Levels seen in this place.
 G = Mean time per level.
                   A        B        C        D        E       F      G
               +--------+--------+--------+--------+--------+-----+--------+
         Total |   1597 |   1538 |     59 |      0 |   1293 |   3 |  532.3 |
       Dungeon |   1597 |   1538 |     59 |      0 |   1293 |   3 |  532.3 |
               +--------+--------+--------+--------+--------+-----+--------+

Top non-repeatable levels by time:
     D:1: 825 daAuts
     D:2: 698 daAuts
     D:3: 74 daAuts
